 Dungeon Crawl Stone Soup version 0.19.5 (webtiles) character file.

14721 Peloso the Carver (level 11, -3/97 HPs)
             Began as a Minotaur Fighter on Apr 25, 2017.
             Was a High Priest of Okawaru.
             Slain by a skeletal warrior
             ... wielding a +0 halberd
             ... led by a skeletal warrior
              (10 damage)
             ... on level 10 of the Dungeon.
             The game lasted 00:28:56 (11046 turns).

Peloso the Carver (Minotaur Fighter)               Turns: 11046, Time: 00:28:57

Health: -3/97      AC: 17    Str: 22    XL:     11   Next: 92%
Magic:  12/13      EV:  8    Int:  7    God:    Okawaru [*****.]
Gold:   490        SH: 12    Dex: 12    Spells: 0 memorised, 14 levels left

rFire  . . .     SeeInvis .     O - +3 long sword (freeze)
rCold  . . .     Gourm    +     P - +0 plate armour
rNeg   . . .     Faith    .     c - +0 shield
rPois  .         Spirit   .     (helmet restricted)
rElec  .         Reflect  .     r - +0 cloak
rCorr  .         Harm     .     p - +0 pair of gloves
MR     +....                    (no boots)
Stlth  ..........               y - amulet of the gourmand
                                v - ring of protection from magic
                                D - ring of stealth

@: no status effects
A: retaliatory headbutt, hooves 1, horns 2, clever 1
a: Heroism, Finesse, Renounce Religion


You were on level 10 of the Dungeon.
You worshipped Okawaru.
Okawaru was extremely pleased with you.
You were completely stuffed.

You visited 2 branches of the dungeon, and saw 12 of its levels.

You collected 490 gold pieces.

Inventory:

Hand Weapons
 q - a +2 scimitar
 w - the +0 war axe "Didakicu" {pain, rPois Int+4}
   (You found it on level 9 of the Dungeon)

   In the hands of one skilled in necromantic magic, it inflicts extra damage on
   living creatures.
   It affects your intelligence (+4).
   It protects you from poison.
 C - a +1 hand axe of flaming
 K - a +2 scimitar of freezing
 O - a +3 long sword of freezing (weapon)
 R - the +4 whip of Zin's Displeasure {venom, rF++ Int+7 Dex-4}
   (You found it on level 8 of the Dungeon)

   It poisons the flesh of those it strikes.
   It affects your intelligence (+7).
   It affects your dexterity (-4).
   It greatly protects you from fire.
Armour
 c - a +0 shield (worn)
 p - a +0 pair of gloves (worn)
 r - a +0 cloak (worn)
 P - a +0 plate armour (worn)
Jewellery
 u - an uncursed ring of protection from cold
 v - a ring of protection from magic (right hand)
 y - an amulet of the gourmand (around neck)
 z - an uncursed ring of fire
 D - a ring of stealth (left hand)
 H - a cursed ring of stealth
 W - an uncursed amulet of regeneration {unknown}
Wands
 a - a wand of paralysis (10/24)
 o - a wand of flame (24/48)
 s - a wand of flame (36/48)
 B - a wand of teleportation (3/9)
 G - a wand of teleportation (1/9)
 I - a wand of slowing (20/48)
Scrolls
 e - a scroll of magic mapping
 g - 4 scrolls of teleportation
 j - 6 scrolls of enchant armour
 l - 5 scrolls of recharging
 t - a scroll of fog
 E - a scroll of enchant weapon
 F - 4 scrolls of remove curse
 M - 2 scrolls of fear
 X - a scroll of identify
Potions
 b - a potion of berserk rage
 d - a potion of might
 m - a potion of invisibility
 x - 4 potions of flight
 A - 2 potions of curing
 J - a potion of brilliance
 Q - 2 potions of haste
 S - a potion of cure mutation
 V - a potion of cancellation {unknown}
 Y - a potion of degeneration {unknown}
Books
 T - a book of Frost

   Spells                             Type                      Level
   a - Freeze                         Ice                          1
   b - Throw Frost                    Conjuration/Ice              2
   c - Ozocubu's Armour               Charms/Ice                   3
   d - Throw Icicle                   Conjuration/Ice              4
   e - Summon Ice Beast               Ice/Summoning                4
Comestibles
 f - 10 bread rations
 h - 6 fruits
 i - 3 beef jerkies
 k - 3 slices of pizza
 n - 2 royal jellies
 N - 5 meat rations


   Skills:
 + Level 9.6 Fighting
 + Level 12.1 Long Blades
 + Level 1.3 Axes
 + Level 3.5 Throwing
 + Level 10.7 Armour
 + Level 5.5 Dodging
 + Level 3.3 Stealth
 + Level 11.0 Shields
 + Level 4.0 Unarmed Combat
 + Level 2.4 Spellcasting
 + Level 0.2 Invocations
 + Level 3.2 Evocations


You had 14 spell levels left.
You didn't know any spells.

Dungeon Overview and Level Annotations

Branches:
Dungeon (11/15)            Temple (1/1) D:7            Lair (0/6) D:8
    Orc: D:9-12

Altars:
Ashenzari
Cheibriados
Dithmenos
Elyvilon
Fedhas
Gozag
Hepliaklqana
Kikubaaqudgha
Makhleb
Nemelex Xobeh
Okawaru
Qazlal
Ru
Sif Muna
Trog
Uskayaw
Vehumet
Xom
Yredelemnul
Zin
The Shining One

Portals:
Trove: D:11 (give +7 demon blade)


Innate Abilities, Weirdness & Mutations

You reflexively headbutt those who attack you in melee.
You have a pair of horns on your head.
You have large cloven feet.
Your mind is acute. (Int +2)


Message History

You hit the skeletal warrior.
You kick the skeletal warrior, but do no damage.
Your headbutt misses the skeletal warrior.
The skeletal warrior is moderately damaged.
The skeletal warrior hits you with a halberd.
* * * LOW HITPOINT WARNING * * *
You slice the skeletal warrior!! You freeze the skeletal warrior.
You kick the skeletal warrior, but do no damage.
Your headbutt misses the skeletal warrior.
The skeletal warrior is severely damaged.
Okay, then.
You hit the skeletal warrior. You freeze the skeletal warrior.
Your headbutt misses the skeletal warrior.
The skeletal warrior is severely damaged.
The skeletal warrior hits you with a halberd!
* * * LOW HITPOINT WARNING * * *
You block the skeletal warrior's attack.
You feel like a meek peon again.
The skeletal warrior hits you from afar with a halberd!
You die...

..................)...# #.#.# #
...............#####..# #.#.# #
.......####.#### #...# #.#.# #
####.####.))..#####...# #.#.# #
###............#.#....# #.#.# #
.###..........##.#..?.#####.#.#
#
..####.....#####)....>......#.#
.....#.)...#......z...#######.#
.....###..##....@##..## #.#
.......#####.....##..# #.#
......#####.......#..# #.#
......##.###.........# #.#
...(###...####.......# #.#
..####......##....#..# #.#
#.##........####.###.# #.#
###............### #.# #.#
#.......####...### #.# #.#


You could see a skeletal warrior.

Vanquished Creatures
  Josephine (D:10)
  A hydra (D:11)
  The ghost of raetorn the Cleaver, a novice DDFi of Makhleb (D:11)
  A skeletal warrior (D:10)
  A hill giant (D:9)
  The ghost of VanClaymore the Spear-Bearer, a novice MfGl (D:7)
  A two-headed ogre (D:11)
  A polar bear (D:8)
  3 trolls
  A meliai (D:9)
  5 hippogriffs
  A spriggan (D:9)
  3 wraiths (D:10)
  A wyvern (D:8)
  8 yaks
  The ghost of VanClaymore the Poker, an amateur MfGl (D:3)
  3 hungry ghosts
  A water moccasin (D:10)
  Duvessa (D:5)
  3 sky beasts
  4 orc warriors
  4 ice beasts
  2 black bears
  3 phantoms
  8 ogres
  9 centaurs
  2 necrophages
  A crocodile (D:9)
  7 bullfrogs
  2 wyvern zombies (D:9)
  A wyvern skeleton (D:9)
  2 scorpions
  Dowan (D:5)
  4 killer bees (D:10)
  5 wights (D:8)
  A howler monkey (D:8)
  3 crimson imps
  A jelly (D:9)
  2 orc priests
  A water moccasin simulacrum (D:8)
  3 centaur skeletons
  9 hounds
  5 bullfrog skeletons
  Natasha (thrice) (D:3)
  5 iguanas
  13 orc wizards
  4 worker ants
  A killer bee zombie (D:6)
  3 worker ant zombies
  Robin (D:4)
  A howler monkey zombie (D:7)
  2 howler monkey skeletons
  6 gnolls
  7 adders
  A hound simulacrum (D:8)
  4 shadow imps
  An ufetubus (D:8)
  An ooze (D:2)
  An adder skeleton (D:5)
  2 adder zombies
  2 worms (D:2)
  4 dart slugs
  3 leopard geckos
  22 orcs
  A ball python (D:6)
  5 giant cockroaches
  13 goblins
  12 hobgoblins
  15 jackals
  10 kobolds
  3 quokkas
  7 bats
  5 frilled lizards
  A leopard gecko skeleton (D:7)
  5 rats
283 creatures vanquished.

Notes
Turn   | Place    | Note
-------+----------+-------------------------------------------
     0 | D:1      | Peloso the Minotaur Fighter began the quest for the Orb.
     0 | D:1      | Reached XP level 1. HP: 19/19 MP: 0/0
   302 | D:1      | Reached XP level 2. HP: 27/27 MP: 1/1
   951 | D:2      | Reached XP level 3. HP: 33/33 MP: 2/2
  1172 | D:2      | Reached skill level 3 in Long Blades
  1534 | D:3      | Reached XP level 4. HP: 34/40 MP: 3/3
  1743 | D:3      | Reached skill level 1 in Dodging
  1817 | D:3      | Noticed VanClaymore's ghost (amateur MfGl)
  2490 | D:3      | Found a sacrificial altar of Ru.
  2501 | D:3      | Killed VanClaymore's ghost
  2501 | D:3      | Reached skill level 4 in Long Blades
  2501 | D:3      | Reached skill level 5 in Shields
  2501 | D:3      | Reached XP level 5. HP: 27/47 MP: 4/4
  2620 | D:3      | Noticed Natasha
  2629 | D:3      | Killed Natasha
  2629 | D:3      | Reached skill level 5 in Armour
  2629 | D:3      | Reached XP level 6. HP: 49/53 MP: 5/5
  2636 | D:3      | Noticed Natasha
  2644 | D:3      | Killed Natasha
  2738 | D:3      | Noticed Natasha
  2743 | D:3      | Killed Natasha
  3016 | D:4      | Noticed Robin
  3028 | D:4      | Killed Robin
  3041 | D:4      | Reached skill level 5 in Long Blades
  3684 | D:4      | Gained mutation: You have large cloven feet. [potion of beneficial mutation]
  3685 | D:4      | Gained mutation: Your mind is acute. (Int +2) [potion of beneficial mutation]
  3689 | D:4      | Reached skill level 7 in Long Blades
  3689 | D:4      | Reached XP level 7. HP: 64/64 MP: 5/9
  3721 | D:5      | Entered Level 5 of the Dungeon
  3737 | D:5      | Noticed Duvessa
  3737 | D:5      | Noticed Dowan
  3749 | D:5      | Killed Dowan
  3759 | D:5      | Killed Duvessa
  3759 | D:5      | Reached XP level 8. HP: 17/71 MP: 10/10
  4455 | D:6      | Found a glowing drain.
  4930 | D:6      | Reached skill level 8 in Long Blades
  5316 | D:7      | Reached XP level 9. HP: 78/78 MP: 11/11
  5492 | D:7      | Noticed VanClaymore's ghost (novice MfGl)
  5517 | D:7      | Killed VanClaymore's ghost
  5789 | D:7      | Found a staircase to the Ecumenical Temple.
  5846 | Temple   | Entered the Ecumenical Temple
  5881 | Temple   | Became a worshipper of Warmaster Okawaru
  6201 | D:7      | You fall through a shaft!
  6250 | D:8      | Reached skill level 9 in Long Blades
  6255 | D:8      | Reached skill level 5 in Dodging
  6374 | D:8      | Reached * piety under Okawaru
  6521 | D:8      | Reached XP level 10. HP: 58/85 MP: 12/12
  7072 | D:8      | Reached ** piety under Okawaru
  7099 | D:8      | Found a staircase to the Lair.
  7433 | D:8      | Got an ancient whip
  7435 | D:8      | Identified the +4 whip of Zin's Displeasure {venom, rF++ Int+7 Dex-4} (You found it on level 8 of the Dungeon)
  7531 | D:9      | Got a smoking war axe
  7532 | D:9      | Identified the cursed +0 war axe "Didakicu" {pain, rPois Int+4} (You found it on level 9 of the Dungeon)
  7552 | D:9      | Noticed a hill giant
  7566 | D:9      | Killed a hill giant
  7566 | D:9      | Reached skill level 10 in Long Blades
  8004 | D:9      | Reached *** piety under Okawaru
  8290 | D:9      | Found a snail-covered altar of Cheibriados.
  8641 | D:9      | Reached XP level 11. HP: 70/95 MP: 13/13
  8834 | D:10     | Entered Level 10 of the Dungeon
  8934 | D:10     | Reached skill level 10 in Shields
  8993 | D:10     | Reached **** piety under Okawaru
  9114 | D:10     | Reached skill level 11 in Long Blades
  9242 | D:10     | Noticed Josephine
  9267 | D:10     | Killed Josephine
  9267 | D:10     | Reached skill level 10 in Armour
  9641 | D:10     | Received a gift from Okawaru
 10256 | D:11     | Reached ***** piety under Okawaru
 10362 | D:11     | Received a gift from Okawaru
 10397 | D:11     | Found a white marble altar of Elyvilon.
 10427 | D:11     | Noticed raetorn's ghost (novice DDFi)
 10449 | D:11     | Killed raetorn's ghost
 10586 | D:11     | Found a portal to a secret trove of treasure.
 10676 | D:11     | Reached skill level 12 in Long Blades
 10683 | D:11     | Noticed an eight-headed hydra
 10693 | D:11     | Killed a one-headed hydra
 10702 | D:11     | Noticed a skeletal warrior
 10702 | D:11     | Noticed a skeletal warrior
 10702 | D:11     | Noticed a skeletal warrior
 10754 | D:10     | Reached skill level 1 in Axes
 10775 | D:10     | Killed a skeletal warrior
 11046 | D:10     | Slain by a skeletal warrior

Skill      XL: |  1  2  3  4  5  6  7  8  9 10 11 |
---------------+----------------------------------+-----
Shields        | 4 5 7 8 9 11 | 11.0
Fighting       | 4 6 7 8 9 |  9.6
Long Blades    | 3 4 7 8 9 10 12 | 12.1
Armour         | 4 5 7 8 9 10 | 10.7
Dodging        | 1 4 5 |  5.5
Throwing       | 3 |  3.5
Stealth        | 3 |  3.3
Unarmed Combat | 4 |  4.0
Spellcasting   | 2 |  2.4
Evocations     | 3 |  3.2
Axes           | 1 |  1.3
Invocations    | |  0.2

Action                   |  1- 3 |  4- 6 |  7- 9 | 10-12 || total
-------------------------+-------+-------+-------+-------++-------
Melee: Long sword        |   108 |   148 |   275 |   543 ||  1074
       Headbutt          |    18 |    28 |    79 |   114 ||   239
       Kick              |       |       |    90 |   218 ||   308
       Scimitar          |       |       |    26 |       ||    26
       Hand axe          |       |       |       |     9 ||     9
Invok: Heroism           |       |       |       |     5 ||     5
  Use: Potion            |       |     8 |     1 |     1 ||    10
       Scroll            |       |     4 |     9 |     9 ||    22
 Stab: Invisible         |       |     1 |       |       ||     1
  Eat: Chunk             |     2 |    18 |    14 |    33 ||    67
Armor: Scale mail        |    52 |    82 |    31 |       ||   165
       Chain mail        |       |       |    75 |    54 ||   129
       Plate armour      |       |       |       |   146 ||   146
Dodge: Dodged            |    30 |    63 |    74 |   126 ||   293
Block: Shield            |    55 |   103 |   172 |   295 ||   625
       Rpst.: Long sword |    11 |    20 |    19 |    32 ||    82
